 Dungeon Crawl Stone Soup version 0.29-a0-380-gf50f0a9fbc (webtiles) character file.

Game seed: 1673007455289155521

529955 Pelinal the Acrobat (level 25, -4/181 (192) HPs)
             Began as a Merfolk Ice Elementalist on May 6, 2022.
             Was an Elder of Ashenzari.
             Killed from afar by an orb of fire (35 damage)
             ... with a fireball
             ... on level 1 of the Realm of Zot.
             The game lasted 04:26:05 (52520 turns).

Pelinal the Acrobat (Merfolk Ice Elementalist)     Turns: 52520, Time: 04:26:05

HP:   -4/181 (192)  AC: 21    Str: 16    XL:     25   Next: 60%
MP:   11/28         EV: 58    Int: 19    God:    Ashenzari [****..]
Gold: 2599          SH: 25    Dex: 35    Spells: 8/44 levels left

rFire   + . .      SeeInvis +   v - +6 demon trident (drain)
rCold   + . .      Faith    .   n - +5 kite shield of Ashenzari's Prison {reflect, Elem, Cun} (curse)
rNeg    . . .      Spirit   .   W - +4 troll leather armour of the Enlightened Ordeal {Regen+, Snorg, Melee, Evo} (curse)
rPois   +          Reflect  +   e - +2 helmet "At What Cost Knowledge?" {Rampage rPois, Evo, Self} (curse)
rElec   +          Harm     .   U - +2 cloak {rCorr}
rCorr   +          Rampage  +   V - +2 pair of gloves "Ruined With Me" {Str+3, Fort, Melee} (curse)
Will    +....      Clarity  +   p - +0 pair of boots of Toth-Mos's Legacy {Bglg, Elem} (curse)
Stlth   +++++++...              c - amulet "Thunder Perfect Mind" {Acrobat, Elem, Fort} (curse)
HPRegen 1.20/turn               O - ring of Desmomancy {+Blink MP-9 Str+4 Int+2 Dex+6, Self, Melee} (curse)
MPRegen 0.21/turn               q - ring "Moiss" {rElec Dex+6 Slay+3}

@: mighty, resistant, acrobatic, hasted, drained, very quick
A: (nimble swimmer 2), mertail, mutation resistance 1
}: 3/15 runes: barnacled, silver, gossamer
a: Renounce Religion, Evoke Blink, Shatter the Chains


You were on level 1 of the Realm of Zot.
You worshipped Ashenzari.
Ashenzari was greatly pleased with you.
You visited 9 branches of the dungeon, and saw 42 of its levels.
You also visited: Sewer, Ice Cave and Desolation.

You collected 8134 gold pieces.
You spent 5535 gold pieces at shops.

Inventory:

Hand Weapons
 v - a +6 demon trident of draining (weapon)
Armour
 e - the cursed +2 helmet "At What Cost Knowledge?" (worn) {Rampage rPois, Evo, Self}
   (You found it on level 5 of the Vaults)

   rPois:     It protects you from poison.
   Rampage:   It bestows one free step when moving towards enemies.
   It has a curse which improves the following skills: Evocations: Evocations.
   Introspection: Fighting and Spellcasting.
 n - the cursed +5 kite shield of Ashenzari's Prison (worn) {reflect, Elem, Cun}
   (You took it off Donald on level 1 of the Vaults)

   It has a curse which improves the following skills: Elements: Fire Magic, Ice
   Magic, Air Magic and Earth Magic.
   Cunning:   Dodging and Stealth.
 p - the cursed +0 pair of boots of Toth-Mos's Legacy (worn) {Bglg, Elem}
   (You found it on level 2 of the Dungeon)

   It has a curse which improves the following skills: Beguiling: Conjurations,
   Hexes and Translocations.
   Elements:  Fire Magic, Ice Magic, Air Magic and Earth Magic.
 C - the +1 pair of boots "Zamive" {Rampage Int+2}
   (You found it on level 5 of the Vaults)

   Int:       It affects your intelligence (+2).
   Rampage:   It bestows one free step when moving towards enemies.
 U - a +2 cloak of preservation (worn)
 V - the cursed +2 pair of gloves "Ruined With Me" (worn) {Str+3, Fort, Melee}
   (You found it on level 6 of the Lair of Beasts)

   Str:       It affects your strength (+3).
   It has a curse which improves the following skills: Fortitude: Armour and
   Shields.
   Melee Combat: Short Blades, Long Blades, Axes, Maces & Flails, Polearms,
   Staves and Unarmed Combat.
 W - the cursed +4 troll leather armour of the Enlightened Ordeal (worn) {Regen+, Snorg, Melee, Evo}
   (You found it on level 1 of the Orcish Mines)

   Regen:     It increases your rate of health regeneration.
   It has a curse which improves the following skills: Melee Combat: Short
   Blades, Long Blades, Axes, Maces & Flails, Polearms, Staves and Unarmed
   Combat.
   Evocations: Evocations.
Jewellery
 c - the cursed amulet "Thunder Perfect Mind" (around neck) {Acrobat, Elem, Fort}
   (You found it on level 1 of the Dungeon)

   [amulet of the acrobat]

   It increases your evasion while moving and waiting.
   It has a curse which improves the following skills: Elements: Fire Magic, Ice
   Magic, Air Magic and Earth Magic.
   Fortitude: Armour and Shields.
 o - a +4 ring of protection
 q - the ring "Moiss" (right hand) {rElec Dex+6 Slay+3}
   (You found it in the Desolation of Salt)

   [ring of dexterity]

   Dex:       It affects your dexterity (+6).
   Slay:      It affects your accuracy & damage with ranged weapons and melee
   (+3).
   rElec:     It insulates you from electricity.
 E - the ring of the Thistle {rN+ AC+4 Str+3 Dex-2 Stlth+}
   (You found it on level 1 of the Depths)

   [ring of protection]

   AC:        It affects your AC (+4).
   Str:       It affects your strength (+3).
   Dex:       It affects your dexterity (-2).
   rN:        It protects you from negative energy.
   Stlth:     It makes you more stealthy.
 O - the cursed ring of Desmomancy (left hand) {+Blink MP-9 Str+4 Int+2 Dex+6, Self, Melee}
   (You bought it in a shop on level 2 of the Orcish Mines)

   [ring of dexterity]

   Str:       It affects your strength (+4).
   Int:       It affects your intelligence (+2).
   Dex:       It affects your dexterity (+6).
   MP:        It affects your magic capacity (-9).
   +Blink:    It lets you blink.
   It has a curse which improves the following skills: Introspection: Fighting
   and Spellcasting.
   Melee Combat: Short Blades, Long Blades, Axes, Maces & Flails, Polearms,
   Staves and Unarmed Combat.
 Q - the ring "Ikeddod" {Will+ rCorr Str+3}
   (You bought it in a shop on level 2 of the Orcish Mines)

   [ring of willpower]

   Str:       It affects your strength (+3).
   rCorr:     It protects you from acid and corrosion.
   Will:      It increases your willpower.
 T - the ring "Atedegil" {rPois rC+ Str+7}
   (You took it off a hell knight on level 1 of the Depths)

   [ring of poison resistance]

   Str:       It affects your strength (+7).
   rC:        It protects you from cold.
   rPois:     It protects you from poison.
Wands
 g - a wand of mindburst (13)
 l - a wand of iceblast (23)
 x - a wand of digging (3)
 I - a wand of charming (9)
 P - a wand of acid (19)
 X - a wand of paralysis (12)
Scrolls
 b - 2 scrolls of summoning
 d - 6 scrolls of fear
 h - 7 scrolls of teleportation
 r - 7 scrolls of amnesia
 s - 10 scrolls of poison
 t - a scroll of brand weapon
 u - 10 scrolls of fog
 z - 7 scrolls of blinking
 A - 4 scrolls of magic mapping
 K - 2 scrolls of enchant armour
 L - 13 scrolls of immolation
 M - 3 scrolls of torment
 R - 4 scrolls of vulnerability
Potions
 f - 27 potions of curing
 j - 9 potions of brilliance
 k - 2 potions of resistance
 m - 20 potions of flight
 y - a potion of haste
 B - 18 potions of heal wounds
 D - 2 potions of might
 H - 8 potions of invisibility
 J - 9 potions of mutation
 S - 13 potions of attraction
 Y - 3 potions of cancellation
Miscellaneous
 a - a tin of tremorstones (2/2)
 i - a condenser vane
 w - a lightning rod (4/4)
 G - a phantom mirror
 N - a phial of floods
 Z - a box of beasts


   Skills:
 + Level 11.4(14.3) Fighting
 - Level 14.0(17.8) Polearms
 - Level 6.1(9.1) Armour
 - Level 22.2(23.9) Dodging
 - Level 12.0(13.9) Stealth
 - Level 18.1(20.9) Shields
 - Level 7.3(10.4) Spellcasting
 - Level 6.3(8.3) Conjurations
 - Level 8.6(10.6) Hexes
 - Level 3.5 Summonings
 - Level 12.6 Necromancy
 - Level 4.2(6.1) Translocations
 - Level 21.0(24.4) Ice Magic
 - Level 6.2(10.1) Air Magic
 - Level 14.0(16.9) Evocations


You had 8 spell levels left.
You knew the following spells:

 Your Spells              Type           Power      Damage    Failure   Level
a - Freeze                Ice            100%       1d11      0%          1
b - Frozen Ramparts       Ice            100%       1d12      0%          3
c - Ozocubu's Armour      Ice            80%        N/A       0%          3
d - Freezing Cloud        Conj/Ice/Air   29%        6-21      1%          5
e - Summon Ice Beast      Ice/Summ       58%        N/A       1%          4
f - Gell's Gravitas       Tloc           33%        N/A       2%          3
g - Lesser Beckoning      Tloc           33%        N/A       2%          3
h - Teleport Other        Tloc           33%        N/A       2%          3
i - Silence               Hex/Air        24%        N/A       4%          5
Z - Simulacrum            Ice/Necr       34%        N/A       1%          6

Your spell library contained the following spells:

 Spells                   Type           Power      Damage    Failure   Level
 Ensorcelled Hibernation  Hex/Ice        100%       N/A       0%          2
 Animate Skeleton         Necr           100%       N/A       1%          1
 Apportation              Tloc           66%        N/A       1%          1
 Foxfire                  Conj/Fire      100%       2x1d9     1%          1
 Pain                     Necr           100%       1d9       1%          1
 Shock                    Conj/Air       100%       1d9       1%          1
 Slow                     Hex            100%       N/A       1%          1
 Blink                    Tloc           66%        N/A       1%          2
 Corpse Rot               Necr/Air       100%       N/A       1%          2
 Static Discharge         Conj/Air       44%        N/A       1%          2
 Dazzling Flash           Conj/Hex       90%        N/A       1%          3
 Summon Guardian Golem    Hex/Summ       36%        N/A       1%          3
 Swiftness                Air            48%        N/A       1%          3
 Vampiric Draining        Necr           55%        2d9       1%          3
 Airstrike                Air            24%        N/A       1%          4
 Anguish                  Hex/Necr       26%        N/A       1%          4
 Animate Dead             Necr           27%        N/A       1%          4
 Dispel Undead            Necr           55%        3d20      1%          4
 Hailstorm                Conj/Ice       64%        3d14      1%          4
 Ice Form                 Ice/Tmut       54%        N/A       1%          4
 Agony                    Necr           55%        N/A       1%          5
 Metabolic Englaciation   Hex/Ice        33%        N/A       1%          5
 Ozocubu's Refrigeration  Ice            40%        4d13      1%          7
 Summon Small Mammal      Summ           92%        N/A       2%          1
 Poisonous Vapours        Pois/Air       58%        N/A       2%          2
 Mephitic Cloud           Conj/Pois/Air  33%        N/A       2%          3
 Inner Flame              Hex/Fire       31%        N/A       3%          3
 Conjure Flame            Conj/Fire      26%        6-21      5%          3
 Stone Arrow              Conj/Erth      52%        3d10      5%          3
 Passage of Golubria      Tloc           33%        N/A       9%          4
 Iskenderun's Battlesphe  Conj           41%        2d9       10%         5
 Death Channel            Necr           27%        N/A       10%         6
 Sting                    Tmut/Pois      36%        1d4       11%         1
 Scorch                   Fire           22%        2d6       14%         2
 Passwall                 Tmut/Erth      8%         N/A       16%         2
 Summon Mana Viper        Hex/Summ       36%        N/A       17%         5
 Flame Wave               Conj/Fire      26%        2d7       19%         4
 Sticky Flame             Conj/Fire      26%        2d5       19%         4
 Borgnjor's Vile Clutch   Necr/Erth      17%        N/A       21%         5
 Manifold Assault         Tloc           33%        N/A       26%         5
 Ignite Poison            Fire/Tmut/Pois 10%        N/A       30%         3
 Spider Form              Tmut/Pois      9%         N/A       32%         3
 Conjure Ball Lightning   Conj/Air       22%        3x3d6     36%         6
 Animate Armour           Summ/Erth      34%        N/A       43%         4
 Fireball                 Conj/Fire      13%        3d7       45%         5
 Petrify                  Tmut/Erth      10%        N/A       69%         4
 Olgreb's Toxic Radiance  Pois           9%         N/A       73%         4
 Iron Shot                Conj/Erth      13%        9d3       95%         6
 Alistair's Intoxication  Tmut/Pois      6%         N/A       97%         5
 Orb of Destruction       Conj           20%        9d8       97%         7
 Summon Cactus Giant      Summ           11%        N/A       99%         6
 Borgnjor's Revivificati  Necr           27%        N/A       99%         8
 Eringya's Noxious Bog    Tmut/Pois      4%         N/A       100%        6
 Statue Form              Tmut/Erth      6%         N/A       100%        6
 Malign Gateway           Summ/Tloc      14%        N/A       100%        7
 Monstrous Menagerie      Summ           11%        N/A       100%        7
 Storm Form               Tmut/Air       14%        N/A       100%        7
 Ignition                 Fire           5%         3d4       100%        8
 Lehudib's Crystal Spear  Conj/Erth      13%        10d4      100%        8
 Necromutation            Tmut/Necr      16%        N/A       100%        8
 Polar Vortex             Ice            40%        N/A       43%         9
 Death's Door             Necr           27%        N/A       100%        9
 Shatter                  Erth           5%         3d8*      100%        9


Dungeon Overview and Level Annotations

Branches:
Dungeon (15/15)            Temple (1/1) D:7            Lair (6/6) D:10
 Shoals (4/4) Lair:4       Spider (4/4) Lair:4        Slime (0/5) Lair:5
    Orc (2/2) D:12            Elf (0/3) Orc:2        Vaults (5/5) D:13
  Crypt (0/3) Vaults:3     Depths (4/4) D:15            Zot (1/5) Depths:4
  Sewer (visited)           IceCv (visited)         Desolation (visited)

Altars:
Ashenzari
Cheibriados
Dithmenos
Elyvilon
Fedhas
Gozag
Hepliaklqana
Kikubaaqudgha
Makhleb
Nemelex Xobeh
Okawaru
Qazlal
Ru
Sif Muna
Trog
Uskayaw
Vehumet
Wu Jian
Xom
Yredelemnul
Zin
The Shining One

Shops:
D:4 [*   D:13 *!   Orc:2 =[*=*   Shoals:4 :*   Vaults:1 ?   Vaults:5 !

Portals:
Hell: Depths:1 Depths:2 Depths:3 Depths:4
Abyss: Depths:1 Depths:3
Pandemonium: Depths:1 Depths:2 Depths:3 Depths:4
Ziggurat: Depths:2
Trove: Vaults:1 (give 8 potions of haste)

Annotations:
D:5 exclusion: ice beast
Lair:6 1 exclusion
Depths:1 1 runed translucent door
Depths:3 Vv
Zot:1 Tiamat


Innate Abilities, Weirdness & Mutations

((You are very nimble when in or above water. (Stealth+, EV+, Speed+++)))
Your lower body shifts to a powerful aquatic tail in water.
You are somewhat resistant to further mutation.


Message History

A purple draconian shifter comes into view.
It is wielding a +0 short sword.
You barely miss the orb of fire.
The orb of fire is heavily damaged.
Unknown command.
You miss the orb of fire.
The orb of fire is heavily damaged.
Your moth of wrath simulacrum closely misses the orb of fire.
The red draconian scorcher breathes fire at you.
The searing blast hits your moth of wrath simulacrum!!!
Your moth of wrath simulacrum melts!
Your moth of wrath simulacrum vaporises!
You hear a sizzling sound!
A purple draconian comes into view. It is wielding a +0 scimitar.
You puncture the orb of fire!
The orb of fire is heavily damaged.
The orb of fire glows bright magenta.
The fireball explodes!
The fireball engulfs you!!
* * * LOW HITPOINT WARNING * * *
The fireball engulfs the orb of fire but does no damage.
Tiamat roars!
You feel protected.
The orb of fire emits a lurid red light.
The bolt of fire misses you.
The orb of fire emits a lurid red light.
The fireball explodes!
The fireball engulfs you!! You resist.
* * * LOW HITPOINT WARNING * * *
The fireball engulfs the orb of fire.
The orb of fire completely resists.
A red draconian comes into view. It is wielding a +0 glaive.
The red draconian scorcher is engulfed in blazing flames.
You feel yourself speed up.
The red draconian scorcher points at you and mumbles some strange words.
The bolt of fire hits you! You resist.
* * * LOW HITPOINT WARNING * * *
Unknown command.
Unknown command.
You feel much better.
Unknown command.
The orb of fire emits a lurid red light.
The fireball explodes!
The fireball engulfs you!! You resist.
You die...

,,,,,,,*##..........# *,,,*,*
,,,,,,,,#...........# *,,,*,*
,,,,,,,,............# *,..*,*
,,,,,,,,d...:.......# *...#,*
,,,,,,,,............###..>#,*
,,,,,,,,.dd.q.......[.....#,*
,,,,,,,,......q...........#,*
,,,,,,,,...d.☼*...........#,*
*,,,,,,,........@.........#,*
***,,,,*..................#,*
* *,,,,*##................#,*
* *,,,^* #................#,*
* *,,,,* #.....#..........#,*
* *,,,,* #....#.#.........#,*
*,,,,**#...........##...#,*
***,,,**#...#.....#))##...#,*
.....###...#...#...#.#....#,*


You could see Tiamat, an orb of fire, a purple draconian, a red draconian, a
purple draconian shifter and a red draconian scorcher.

Vanquished Creatures
  A dread lich (Vaults:5)
  An ancient lich (Vaults:4)
  Mara (Vaults:2)
  Mennas (Vaults:4)
  A juggernaut (Depths:1)
  Margery (Vaults:3)
  Bai Suzhen (Shoals:4)
  Nikola (Spider:1)
  4 golden dragons
  A bone dragon (Depths:4)
  the Enchantress (Depths:2)
  6 tentacled monstrosities
  2 liches (Vaults:5)
  Asterion (Spider:2)
  Mlioglotl (Spider:1)
  2 quicksilver dragons
  11 titans (Vaults:5)
  Frances (D:13)
  7 sphinxes
  A death cob (Zot:1)
  Kirke (Shoals:2)
  An ancient champion (Depths:3)
  4 storm dragons
  5 tengu reavers
  4 shadow dragons
  Donald (Vaults:1)
  2 draconian knights (Zot:1)
  2 draconian monks
  3 frost giants
  2 imperial myrmidons (Desolation)
  5 emperor scorpions
  10 fire giants
  An iron dragon (Depths:3)
  A draconian scorcher (Zot:1)
  3 orc warlords
  A deep elf sorcerer (Vaults:5)
  7 ghost moths
  18 vault wardens
  A balrug (Depths:3)
  17 ironbound preservers
  A draconian annihilator (Zot:1)
  25 very ugly things
  5 spriggan defenders (Depths:2)
  A draconian stormcaller (Depths:4)
  2 reapers
  A quicksilver ooze (shapeshifter) (D:13)
  Nessos (Lair:4)
  6 caustic shrike skeletons (Depths:2)
  2 war gargoyles
  17 stone giants
  2 broodmothers
  A black draconian (Zot:1)
  2 green draconians (Zot:1)
  9 ironbound thunderhulks
  A yellow draconian (Depths:4)
  18 dire elephants
  2 red draconians (Depths:4)
  A purple draconian (Depths:4)
  A bunyip (shapeshifter) (Vaults:5)
  4 white draconians
  5 entropy weavers
  6 spark wasps
  A halazid warlock (Desolation)
  3 crystal guardians
  3 merfolk javelineers (Shoals:4)
  4 merfolk impalers
  Snorg (Orc:1)
  Josephine (Orc:2)
  2 deep elf death magi
  7 ragged hierophants (Desolation)
  4 ettins
  2 deep elf high priests
  3 fire dragons
  12 great orbs of eyes
  7 yaktaur captains
  Fannar (D:10)
  5 rakshasas
  2 ice dragons
  7 boulder beetles
  5 hydras
  5 ogre magi
  4 spriggan air magi
  2 catoblepae (Lair:6)
  9 peacekeepers
  2 servants of whispers (Desolation)
  34 vault guards
  7 ironbound frosthearts
  13 centaur warriors
  17 death yaks
  A radroach (Spider:3)
  8 two-headed ogres
  5 deep troll shamans
  3 merfolk aquamancers (Shoals:4)
  7 tengu warriors
  5 orc high priests (Orc:2)
  Sonja (D:12)
  A vampire mage (Depths:1)
  5 hell knights
  4 deep troll earth magi
  A deep elf knight (Depths:2)
  7 sun demons
  12 spriggan berserkers
  Nergalle (Orc:1)
  A fire crab (shapeshifter) (Depths:1)
  2 sixfirhies (Depths:4)
  4 pharaoh ants
  3 skeletal warriors (D:14)
  Lodul (D:10)
  Amaemon (Lair:3)
  A salamander mystic (Depths:1)
  3 sun moths
  A death drake (Vaults:2)
  A death drake (shapeshifter) (Vaults:2)
  4 iron trolls
  41 deep trolls
  21 sea snakes
  4 steelbarb worms
  3 glowing orange brains
  12 wizards
  A kraken simulacrum (Shoals:4)
  2 flayed ghosts
  7 spriggan druids (Depths:2)
  10 orb spiders
  A deep elf archer (Depths:2)
  20 ironbound convokers
  5 necromancers
  A lindwurm (shapeshifter) (Vaults:5)
  A harpy (shapeshifter) (Vaults:3)
  20 harpies
  2 deep elf zephyrmancers
  4 phantasmal warriors
  10 lindwurms
  14 orc knights
  25 wolf spiders
  An orc sorcerer (D:15)
  5 deep elf pyromancers
  27 ugly things
  12 manticores
  2 salamanders (Depths:1)
  A shining eye (Depths:1)
  An ugly thing (shapeshifter) (Vaults:3)
  5 cyclopes
  An eye of devastation (Depths:1)
  A naga mage (D:15)
  A stone giant skeleton (Vaults:4)
  An elephant (shapeshifter) (Vaults:5)
  5 merfolk sirens
  2 molten gargoyles (Desolation)
  5 elephants (Lair:6)
  9 moths of wrath
  Joseph (D:10)
  2 orange demons
  4 black mambas
  5 guardian serpents (Desolation)
  6 water nymphs
  3 centaur skeletons (D:15)
  2 rust devils (Depths:3)
  8 cane toads
  27 vault sentinels
  2 frost giant skeletons
  3 ice statues
  7 torpor snails
  6 large abominations
  4 rime drakes
  A komodo dragon (shapeshifter) (Vaults:5)
  A hellion (Depths:1)
  11 komodo dragons
  5 demonic crawlers
  2 freezing wraiths (IceCv)
  A kobold demonologist (D:9)
  6 tengu conjurers
  2 unseen horrors (shapeshifter) (Vaults:5)
  An entropy weaver simulacrum (IceCv)
  10 yaktaurs
  2 anaconda simulacra (IceCv)
  4 ice devils (IceCv)
  A hellwing (Depths:3)
  9 meliai
  A polar bear (Lair:5)
  2 queen bees
  4 trolls
  35 tarantellas
  15 merfolk
  A polar bear (shapeshifter) (Spider:1)
  4 wind drakes
  2 tarantellas (shapeshifter)
  2 hornets (shapeshifter)
  14 blink frogs
  30 slime creatures
  23 hornets
  A dream sheep (shapeshifter) (Vaults:2)
  48 saltlings (Desolation)
  6 dream sheep (Shoals:2)
  A frost giant simulacrum (Vaults:3)
  10 snapping turtles
  29 jumping spiders
  A fire giant simulacrum (Vaults:3)
  17 culicivoras
  42 spriggans
  A centaur simulacrum (D:13)
  3 water elementals
  61 yaks
  6 wyverns
  2 steam dragons
  3 wraiths (Orc:2)
  4 dire elephant simulacra (IceCv)
  5 basilisks
  2 hogs (Shoals:2)
  51 redbacks
  A fire elemental (Depths:2)
  9 vampire mosquitoes
  Grum (D:10)
  3 redbacks (shapeshifter) (Vaults:5)
  A redback simulacrum (D:15)
  A neqoxec (Depths:4)
  2 wargs
  An ogre zombie (Vaults:4)
  4 harpy simulacra
  9 water moccasins
  2 acid dragons
  A floating eye (Depths:1)
  Pargi (Sewer)
  A meliai simulacrum (D:13)
  37 orc warriors
  A black bear (D:6)
  2 sky beasts
  4 boggarts
  7 wolves
  16 ogres
  A human skeleton (Vaults:3)
  13 centaurs
  A tengu (shapeshifter) (Depths:1)
  5 kobold brigands
  3 phantoms
  A gnoll sergeant (D:10)
  3 scorpions
  15 bullfrogs
  2 necrophages
  7 small abominations (Depths:1)
  11 killer bees (Spider:2)
  8 wights
  6 howler monkeys
  4 electric eels
  A human simulacrum (Vaults:3)
  6 hounds
  9 jellies
  38 orc priests
  4 gnoll shamans
  Natasha (thrice) (D:3)
  9 iguanas
  24 orc wizards
  3 polar bear simulacra (IceCv)
  A spriggan simulacrum (IceCv)
  32 gnolls
  11 adders
  2 shadow imps
  12 white imps (D:13)
  3 ufetubi
  A worm (D:2)
  118 orcs
  10 ball pythons
  2 bats
  3 endoplasms
  6 giant cockroaches
  4 goblins
  6 hobgoblins
  15 jackals (D:5)
  3 quokkas
  11 frilled lizards
  9 kobolds
  6 rats
  A tentacle (Shoals:4)
1876 creatures vanquished.

Vanquished Creatures (collateral kills)
  A tentacled monstrosity (Zot:1)
  A titan (Vaults:5)
  A fire giant (Depths:3)
  A vault warden (Vaults:4)
  2 spriggan defenders (Depths:4)
  The ghost of Niaf the Fighter, a journeyman GrGl of Makhleb (Depths:3)
  A white draconian (Zot:1)
  A yellow draconian (Zot:1)
  A merfolk javelineer (Shoals:4)
  A merfolk impaler (Shoals:4)
  A great orb of eyes (Vaults:4)
  A spriggan air mage (Depths:2)
  A catoblepas (Lair:6)
  2 merfolk avatars
  A death yak (Depths:2)
  A deep troll earth mage (Depths:4)
  A deep troll shaman (Depths:4)
  A sun demon (Depths:1)
  2 large abominations (Depths:3)
  3 sea snakes
  An orb spider (shapeshifter) (Depths:3)
  A deep troll (Depths:3)
  An ironbound convoker (Desolation)
  A cyclops (shapeshifter) (Depths:3)
  A merfolk siren (Shoals:3)
  A tengu conjurer (Depths:4)
  3 merfolk (Shoals:4)
  A hornet (Depths:4)
  3 snapping turtles
  A human simulacrum (Vaults:4)
  An orc priest (Orc:1)
  3 orcs (D:12)
43 creatures vanquished.

Vanquished Creatures (others)
  A peacekeeper (Desolation)
  A wolf spider (Spider:4)
  A merfolk siren (Shoals:4)
  A culicivora (Spider:2)
  A jumping spider (Spider:2)
  A water elemental (Shoals:4)
  A human (Depths:3)
  5 bushes (D:10)
  33 fungi
  111 plants
  7 tentacles (Shoals:4)
163 creatures vanquished.

Grand Total: 2082 creatures vanquished

Notes
Turn   | Place    | Note
-------+----------+-------------------------------------------
     0 | D:1      | Pelinal the Merfolk Ice Elementalist began the quest for
                  | the Orb.
     0 | D:1      | Reached XP level 1. HP: 13/13 MP: 3/3
   182 | D:1      | Reached XP level 2. HP: 12/19 MP: 1/5
   314 | D:1      | Reached skill level 3 in Dodging
   705 | D:1      | Found a faded altar of an unknown god.
   794 | D:1      | Reached XP level 3. HP: 23/24 MP: 4/6
  1123 | D:2      | Reached skill level 1 in Polearms
  1759 | D:3      | Noticed a scorpion
  1765 | D:3      | Learned a level 3 spell: Frozen Ramparts
  1767 | D:3      | Learned a level 1 spell: Animate Skeleton
  1774 | D:3      | Killed a scorpion
  1775 | D:3      | Reached skill level 5 in Ice Magic
  1775 | D:3      | Reached XP level 4. HP: 26/30 MP: 3/8
  1926 | D:3      | Reached XP level 5. HP: 25/35 MP: 5/9
  2060 | D:3      | Noticed Natasha
  2067 | D:3      | Killed Natasha
  2088 | D:3      | Found a glowing drain.
  2092 | D:3      | Noticed Natasha
  2101 | D:3      | Killed Natasha
  2110 | Sewer    | Entered a sewer
  2250 | Sewer    | Learned a level 3 spell: Ozocubu's Armour
  2463 | Sewer    | Noticed Pargi
  2483 | Sewer    | Killed Pargi
  2484 | Sewer    | Reached XP level 6. HP: 25/41 MP: 2/10
  3027 | D:3      | Noticed Natasha
  3037 | D:3      | Killed Natasha
  3629 | D:4      | Found a shadowy altar of Dithmenos.
  3907 | D:4      | Reached XP level 7. HP: 46/46 MP: 11/11
  3965 | D:4      | Found a glowing silver altar of Zin.
  3966 | D:4      | Noticed an angel
  4081 | D:4      | Found Qysu Ytofri's Armour Boutique.
  4148 | D:4      | Found Gozag's Platinum Reserve.
  4152 | D:4      | Found an opulent altar of Gozag.
  4358 | D:4      | Found a hide-covered altar of Uskayaw.
  4381 | D:5      | Entered Level 5 of the Dungeon
  4479 | D:5      | Found the +1 robe of Vines {NoPotionHeal Regen++++}
  4804 | D:5      | Reached skill level 4 in Dodging
  4879 | D:5      | Reached XP level 8. HP: 50/52 MP: 2/12
  4880 | D:5      | Reached skill level 5 in Dodging
  4885 | D:5      | Reached skill level 5 in Polearms
  5400 | D:5      | Reached skill level 6 in Dodging
  5623 | D:5      | Found a shimmering altar of Xom.
  5632 | D:5      | Found a white marble altar of Elyvilon.
  5713 | D:5      | You fall into a shaft and drop 3 floors!
  5927 | D:7      | Reached skill level 7 in Dodging
  6280 | D:6      | Reached skill level 8 in Dodging
  6280 | D:6      | Reached XP level 9. HP: 41/57 MP: 11/13
  7485 | D:7      | Found a radiant altar of Vehumet.
  7503 | D:7      | Reached skill level 9 in Dodging
  7875 | D:7      | Found a staircase to the Ecumenical Temple.
  8000 | Temple   | Entered the Ecumenical Temple
  8205 | D:8      | Found a broken altar of Ashenzari.
  8208 | D:8      | Became a worshipper of Ashenzari the Shackled
  8271 | D:8      | Reached skill level 10 in Dodging
  8369 | D:8      | Found a bloodstained altar of Trog.
  8404 | D:8      | Reached skill level 10 in Polearms
  8839 | D:9      | Found a sparkling altar of Nemelex Xobeh.
  8848 | D:9      | Noticed a troll
  8911 | D:9      | Reached skill level 11 in Dodging
  8911 | D:9      | Reached XP level 10. HP: 63/63 MP: 7/14
  8921 | D:9      | Noticed a two-headed ogre
  8942 | D:9      | Killed a two-headed ogre
  9105 | D:9      | Reached skill level 12 in Dodging
  9184 | D:9      | Noticed a kobold demonologist
  9744 | D:9      | Reached skill level 13 in Dodging
 10021 | D:9      | Noticed an ice statue
 10289 | D:9      | Killed a kobold demonologist
 10412 | D:10     | Entered Level 10 of the Dungeon
 10412 | D:10     | Noticed Fannar
 10593 | D:10     | Reached * piety under Ashenzari
 10630 | D:10     | Reached XP level 11. HP: 68/68 MP: 9/15
 10807 | D:10     | Killed Fannar
 10808 | D:10     | Reached skill level 14 in Dodging
 10944 | D:10     | Found a staircase to the Lair.
 11017 | D:10     | Reached skill level 1 in Evocations
 11099 | D:10     | Found a snail-covered altar of Cheibriados.
 11099 | D:10     | Found an ornate altar of the Wu Jian Council.
 11099 | D:10     | Found an ancient bone altar of Kikubaaqudgha.
 11189 | D:10     | Noticed Lodul
 11190 | D:10     | Noticed Grum
 11288 | D:10     | Killed Lodul
 11339 | D:10     | Reached skill level 5 in Stealth
 11429 | D:10     | Killed Grum
 11533 | D:10     | Noticed Joseph
 11565 | D:10     | Killed Joseph
 11856 | D:10     | Reached ** piety under Ashenzari
 11919 | Lair:1   | Entered Level 1 of the Lair of Beasts
 12102 | Lair:1   | Noticed a boulder beetle
 12169 | Lair:1   | Killed a boulder beetle
 12433 | Lair:1   | Identified the +1 ring mail of the Valley of Death {MP+9}
 13172 | Lair:2   | Reached skill level 5 in Evocations
 13183 | Lair:2   | Reached XP level 12. HP: 70/74 MP: 10/16
 13904 | Lair:3   | Noticed a six-headed hydra
 13941 | Lair:3   | Killed a six-headed hydra
 13976 | Lair:3   | Reached skill level 1 in Shields
 14040 | Lair:3   | Noticed a seven-headed hydra
 14051 | Lair:3   | Killed a seven-headed hydra
 14310 | Lair:3   | Reached skill level 5 in Shields
 14515 | Lair:3   | Noticed Amaemon
 14538 | Lair:3   | Killed Amaemon
 14612 | Lair:3   | Noticed a four-headed hydra
 14629 | Lair:3   | Killed a four-headed hydra
 14960 | Lair:3   | Reached *** piety under Ashenzari
 15006 | Lair:4   | Reached XP level 13. HP: 72/79 MP: 8/17
 15092 | Lair:4   | Found a hole to the Spider Nest.
 15114 | Lair:4   | Identified the cursed +0 pair of boots of Toth-Mos's Legacy
                  | {Bglg, Elem} (You found it on level 2 of the Dungeon)
 15912 | Lair:4   | Noticed Nessos
 15923 | Lair:4   | Killed Nessos
 15924 | Lair:4   | Reached skill level 10 in Shields
 16074 | Lair:4   | Found a staircase to the Shoals.
 16636 | Lair:5   | Reached **** piety under Ashenzari
 16720 | Lair:5   | Found a staircase to the Slime Pits.
 16767 | Lair:5   | Identified the +4 hand axe of the Hills {vorpal, Int+4}
 17071 | Lair:6   | Entered Level 6 of the Lair of Beasts
 17299 | Lair:6   | Identified the +2 pair of gloves of Rotation {Str+3}
 17337 | Lair:6   | Reached skill level 15 in Dodging
 17598 | Lair:6   | Noticed an azure jelly
 17598 | Lair:6   | Noticed an azure jelly
 17598 | Lair:6   | Noticed a rockslime
 17919 | Lair:6   | Reached XP level 14. HP: 79/85 MP: 18/18
 18080 | Lair:6   | Reached skill level 16 in Dodging
 18923 | D:11     | Identified a scroll of acquirement
 18934 | D:11     | Acquired the +7 demon trident of the Crushed Knaves {chaos,
                  | Contam rC+ MP+9 Dex+4}
 19456 | D:11     | Learned a level 5 spell: Freezing Cloud
 19584 | D:12     | Found a staircase to the Orcish Mines.
 19681 | D:12     | Noticed Sonja
 19723 | Orc:1    | Entered Level 1 of the Orcish Mines
 19723 | Orc:1    | Noticed Nergalle
 19729 | Orc:1    | Killed Nergalle
 19747 | Orc:1    | Noticed Snorg
 19762 | Orc:1    | Killed Snorg
 19763 | Orc:1    | Reached skill level 17 in Dodging
 19954 | Orc:2    | Entered Level 2 of the Orcish Mines
 19954 | Orc:2    | Found a staircase to the Elven Halls.
 19989 | Orc:2    | Found Kuxufi Gerr's General Store.
 20433 | Orc:2    | Noticed Josephine
 20447 | Orc:2    | Killed Josephine
 20705 | Orc:2    | Reached skill level 18 in Dodging
 20715 | Orc:2    | Gained mutation: Armour fits poorly on your strangely
                  | shaped body. [a neqoxec]
 20763 | Orc:2    | Found Moahesed's Jewellery Emporium.
 20763 | Orc:2    | Found Piewun's General Store.
 20764 | Orc:2    | Found Boassya's Armour Shoppe.
 20764 | Orc:2    | Found Wubbes's Jewellery Emporium.
 20775 | Orc:2    | Bought a +0 buckler for 58 gold pieces
 20822 | Orc:2    | Learned a level 4 spell: Summon Ice Beast
 20825 | Orc:2    | Bought the ring "Ikeddod" {Will+ rCorr Str+3} for 614 gold
                  | pieces
 20837 | Orc:2    | Bought the ring of the Sun {+Blink MP-9 Str+4 Int+2 Dex+6}
                  | for 662 gold pieces
 21208 | Orc:1    | Found a burning altar of Makhleb.
 21548 | D:12     | Reached XP level 15. HP: 90/90 MP: 19/22
 21748 | D:12     | Killed Sonja
 21749 | D:12     | Reached skill level 1 in Air Magic
 21897 | D:13     | Found Esiyce's Distillery.
 21910 | D:13     | Bought a potion of might for 64 gold pieces
 21912 | D:13     | Found a frozen archway.
 21962 | IceCv    | Entered an ice cave
 21984 | IceCv    | Reached skill level 1 in Conjurations
 22695 | D:13     | Found a gate to the Vaults.
 22910 | D:13     | Reached ***** piety under Ashenzari
 22954 | D:13     | Identified the +10 rapier "Wutzas" {pain, rC+}
 22960 | D:13     | Found Inuguon's Assorted Antiques.
 22977 | D:13     | Bought a scroll of enchant weapon for 127 gold pieces
 22977 | D:13     | Bought a scroll of fog for 34 gold pieces
 22977 | D:13     | Bought a scroll of teleportation for 51 gold pieces
 23122 | D:13     | Reached skill level 1 in Fighting
 23138 | D:13     | Reached skill level 1 in Summonings
 23173 | D:13     | Noticed Frances
 23190 | D:13     | Killed Frances
 24015 | D:14     | Identified the +1 ring mail of Disappointment {Int+6}
 24211 | D:14     | Reached skill level 5 in Spellcasting
 24443 | D:15     | Entered Level 15 of the Dungeon
 24825 | D:15     | Found an ornate altar of the Wu Jian Council.
 25354 | D:15     | Reached XP level 16. HP: 102/113 MP: 8/28
 25867 | D:15     | Found a staircase to the Depths.
 26093 | Spider:1 | Entered Level 1 of the Spider Nest
 26229 | Spider:1 | Reached skill level 5 in Fighting
 26691 | Spider:1 | Noticed Mlioglotl
 26724 | Spider:1 | Killed Mlioglotl
 26918 | Spider:1 | Identified the +8 glaive of Kismet {speed, rElec rPois}
 26920 | Spider:1 | Noticed Nikola
 26952 | Spider:1 | Killed Nikola
 26965 | Spider:1 | Reached skill level 10 in Stealth
 27721 | Spider:2 | Noticed Asterion
 27743 | Spider:2 | Killed Asterion
 28046 | Spider:2 | Acquired 791 gold pieces
 28721 | Spider:3 | Reached skill level 10 in Evocations
 28780 | Spider:3 | Reached skill level 10 in Ice Magic
 28787 | Spider:3 | Reached XP level 17. HP: 128/128 MP: 9/29
 29357 | Spider:3 | Reached skill level 5 in Conjurations
 29373 | Spider:3 | Reached skill level 5 in Air Magic
 30038 | Spider:4 | Entered Level 4 of the Spider Nest
 30071 | Spider:4 | Learned a level 3 spell: Gell's Gravitas
 30075 | Spider:4 | Learned a level 3 spell: Lesser Beckoning
 30079 | Spider:4 | Learned a level 3 spell: Teleport Other
 30250 | Spider:4 | Reached skill level 1 in Translocations
 30722 | Spider:4 | Reached skill level 1 in Hexes
 30899 | Spider:4 | Reached skill level 5 in Hexes
 31059 | Spider:4 | Got a gossamer rune of Zot
 31740 | Depths:1 | Entered Level 1 of the Depths
 31740 | Depths:1 | Noticed a sphinx
 31755 | Depths:1 | Killed a sphinx
 31756 | Depths:1 | Killed a sphinx
 31757 | Depths:1 | Reached skill level 15 in Shields
 31807 | Depths:1 | Noticed a golden dragon
 31824 | Depths:1 | Identified the ring of the Thistle {rN+ AC+4 Str+3 Dex-2
                  | Stlth+}
 31882 | Depths:1 | Noticed a juggernaut
 32005 | Depths:1 | Reached skill level 19 in Dodging
 32015 | Depths:1 | Reached XP level 18. HP: 129/136 MP: 15/30
 32207 | Depths:1 | Found a runed translucent door.
 32210 | Depths:1 | Found a runed translucent door.
 32212 | Depths:1 | Found a runed translucent door.
 32221 | Depths:1 | Paralysed by a floating eye for 4 turns
 32256 | Depths:1 | Identified the ring "Atedegil" {rPois rC+ Str+7}
 32295 | Depths:1 | Killed a juggernaut
 32478 | Depths:1 | Reached skill level 20 in Dodging
 32530 | Depths:1 | Killed a golden dragon
 32619 | Depths:1 | Found a gateway to Hell.
 32623 | Depths:1 | Found a one-way gate to the infinite horrors of the Abyss.
 32649 | Depths:1 | Reached skill level 1 in Armour
 32682 | Depths:1 | Found a one-way gate leading to the halls of Pandemonium.
 33004 | Depths:1 | Identified the +6 battleaxe of Maow {vorpal, Int+4}
 33344 | Depths:1 | Gained mutation: Your magical capacity is low. (-10% MP) [a
                  | shining eye]
 34352 | D:8      | Lost mutation: Your magical capacity is low. (-10% MP)
                  | [potion of mutation]
 34352 | D:8      | Lost mutation: Armour fits poorly on your strangely shaped
                  | body. [potion of mutation]
 34352 | D:8      | Gained mutation: You are somewhat resistant to further
                  | mutation. [potion of mutation]
 34784 | D:9      | Identified the +8 shortbow of Ativab {speed, Fragile Will++
                  | rCorr Int+8}
 34938 | D:13     | Bought a potion of attraction for 48 gold pieces
 35387 | Vaults:1 | Entered Level 1 of the Vaults
 35556 | Vaults:1 | Reached skill level 21 in Dodging
 35594 | Vaults:1 | Found a crumbling gateway.
 35602 | Desolati | Entered the Desolation of Salt
 35637 | Desolati | Identified the ring "Moiss" {rElec Dex+6 Slay+3}
 35638 | Desolati | Identified the +2 pair of gloves of Sanysyadue {Rampage
                  | rElec rF- rCorr}
 35638 | Desolati | Identified the ring "Heleteiwk" {Ice Contam +Blink Slay+2}
 35640 | Desolati | Identified the +10 fustibalus of the Gnat {freeze, rElec
                  | Will+}
 35678 | Desolati | Reached XP level 19. HP: 69/136 MP: 22/31
 35867 | Desolati | Identified the ring "Cinn" {Will+ Str-3 Int+5}
 36324 | Desolati | Identified the Almanac of the Dislocated Arsonist
 36433 | Desolati | Identified the Catalogue of Quantum Envenoming
 36699 | Vaults:1 | Reached skill level 22 in Dodging
 37000 | Vaults:1 | Found a portal to a secret trove of treasure.
 37091 | Vaults:1 | Noticed Donald
 37108 | Vaults:1 | Killed Donald
 37172 | Vaults:1 | Found Buch's Magic Scroll Emporium.
 37179 | Vaults:1 | Learned a level 5 spell: Silence
 37189 | Vaults:1 | Bought a scroll of acquirement for 884 gold pieces
 37189 | Vaults:1 | Bought a scroll of blinking for 127 gold pieces
 37196 | Vaults:1 | Acquired 1238 gold pieces
 38327 | Vaults:1 | Reached XP level 20. HP: 148/148 MP: 23/32
 39031 | Vaults:2 | Found the +18 Lear's hauberk
 39815 | Vaults:2 | Noticed Mara
 39906 | Vaults:2 | Killed Mara
 40257 | Vaults:2 | Reached skill level 15 in Ice Magic
 40278 | Vaults:2 | Identified the Handbook of Envenoming
 40530 | Vaults:3 | Paralysed by a great orb of eyes for 6 turns
 40692 | Vaults:3 | Found a basalt altar of Yredelemnul.
 40721 | Vaults:3 | Found an ancient bone altar of Kikubaaqudgha.
 40731 | Vaults:3 | Found a staircase to the Crypt.
 41047 | Vaults:3 | Noticed Margery
 41073 | Vaults:3 | Killed Margery
 41444 | Vaults:3 | Identified the amulet "Gueci" {Rampage rF+ Will+ Regen+
                  | MP-9}
 41951 | Vaults:3 | Reached XP level 21. HP: 154/154 MP: 20/33
 42382 | Vaults:4 | Learned a level 6 spell: Simulacrum
 42405 | Vaults:4 | Reached skill level 1 in Necromancy
 42611 | Vaults:4 | Paralysed by a great orb of eyes for 7 turns
 42913 | Vaults:4 | Reached skill level 5 in Necromancy
 42984 | Vaults:4 | Noticed an ancient lich
 43224 | Vaults:4 | Killed an ancient lich
 43641 | Vaults:4 | Noticed Mennas
 43707 | Vaults:4 | Killed Mennas
 44112 | Vaults:5 | Entered Level 5 of the Vaults
 44159 | Vaults:5 | Noticed a dread lich
 44167 | Vaults:5 | Reached XP level 22. HP: 116/161 MP: 9/34
 44170 | Vaults:5 | Killed a dread lich
 44171 | Vaults:5 | Reached skill level 10 in Necromancy
 44171 | Vaults:5 | Noticed a golden dragon
 44344 | Vaults:5 | Noticed a golden dragon
 44388 | Vaults:5 | Killed a golden dragon
 44437 | Vaults:5 | Killed a golden dragon
 44461 | Vaults:5 | Reached skill level 5 in Armour
 44656 | Vaults:5 | Got a silver rune of Zot
 44807 | Vaults:5 | Identified the Reference Book on Intoxication and the
                  | Escort
 45276 | Vaults:5 | Found Illig's Distillery.
 45277 | Vaults:5 | Identified the +1 pair of boots "Zamive" {Rampage Int+2}
 45293 | Vaults:5 | Bought a potion of heal wounds for 70 gold pieces
 45293 | Vaults:5 | Bought a potion of experience for 700 gold pieces
 45293 | Vaults:5 | Bought a potion of heal wounds for 70 gold pieces
 45297 | Vaults:5 | Reached XP level 23. HP: 167/167 MP: 37/37
 45302 | Vaults:5 | Bought a potion of mutation for 112 gold pieces
 45302 | Vaults:5 | Bought a potion of curing for 42 gold pieces
 45302 | Vaults:5 | Bought a potion of curing for 42 gold pieces
 45302 | Vaults:5 | Bought a potion of curing for 42 gold pieces
 45302 | Vaults:5 | Bought a potion of attraction for 42 gold pieces
 45318 | Vaults:5 | Identified the +2 helmet of the Fletcher {Rampage rPois}
 46305 | Shoals:1 | Entered Level 1 of the Shoals
 46309 | Shoals:1 | Reached XP level 24. HP: 172/172 MP: 36/36
 46569 | Shoals:2 | Identified the +1 robe of Servitude {Rampage Dex+4}
 46989 | Shoals:4 | Entered Level 4 of the Shoals
 47125 | Shoals:4 | Found Oseim's Assorted Antiques.
 47130 | Shoals:4 | Bought a wand of digging (3) for 264 gold pieces
 47228 | Shoals:4 | Identified the +12 great mace "Orb Guardian's Peril"
                  | {vorpal, +Blink rElec rPois Str-2}
 47327 | Shoals:4 | Noticed Bai Suzhen
 47384 | Shoals:4 | Killed Bai Suzhen
 47453 | Shoals:4 | Identified the ring of Nokirphy {rPois rF- Will- rCorr
                  | Str+6}
 47752 | Shoals:4 | Found Orchan's Book Shop.
 47764 | Shoals:4 | Bought Sif Muna's Grimoire of Enthralling Cold for 624 gold
                  | pieces
 47764 | Shoals:4 | Bought a book of Unlife for 468 gold pieces
 47764 | Shoals:4 | Bought a book of Decay for 390 gold pieces
 47838 | Shoals:4 | Got a barnacled rune of Zot
 47922 | Shoals:2 | Noticed Kirke
 47938 | Shoals:2 | Identified the cursed +2 cloak of Ashenzari's Paranoia
                  | {rPois, Melee, Bglg} (You found it on level 13 of the
                  | Dungeon)
 47938 | Shoals:2 | Identified the cursed +5 kite shield of Ashenzari's Prison
                  | {reflect, Elem, Cun} (You took it off Donald on level 1 of
                  | the Vaults)
 47943 | Shoals:2 | Killed Kirke
 48689 | Depths:2 | Noticed the Enchantress
 48705 | Depths:2 | Killed the Enchantress
 49329 | Depths:2 | Found a one-way gateway to a ziggurat.
 49408 | Depths:2 | Found a bloodstained altar of Trog.
 50384 | Depths:3 | Found a runed translucent door.
 50390 | Depths:3 | Noticed Niaf's ghost (journeyman GrGl)
 50416 | Depths:3 | Killed Niaf's ghost
 50417 | Depths:3 | Identified the Compendium of Earth
 50425 | Depths:3 | Reached XP level 25. HP: 177/177 MP: 19/36
 50707 | Depths:3 | Noticed Vv
 50990 | Depths:3 | Identified the +4 great mace "Orb Guardian's Curse" {drain,
                  | Drain Fly rC+ Dex+4}
 51180 | Depths:4 | Entered Level 4 of the Depths
 51650 | Depths:4 | Found a gate to the Realm of Zot.
 51952 | Zot:1    | Entered Level 1 of the Realm of Zot
 52074 | Zot:1    | Reached skill level 10 in Fighting
 52282 | Zot:1    | Found the +4 dragonskin cloak
 52282 | Zot:1    | Noticed Tiamat
 52497 | Zot:1    | Noticed an orb of fire
 52520 | Zot:1    | Killed from afar by an orb of fire

Illustrated notes

Levels and vault maps discovered:
D:1:      amcnicky_arrival_gap_in_the_tavern_cellar, layout_rooms,
          chequers_ecumenical_altar_twisty
D:2:      layout_rooms
D:3:      minmay_door_path, layout_basic, portal_sewer_entry_d, uniq_natasha
D:4:      layout_basic, zin_angel, nicolae_gozag_zags_fifth_avenue,
          grunt_dithmenos_smoke, nicolae_uskayaw_suspiria, serial_shops, shop,
          minmay_curled_crystal, serial_bayou_lake_a
D:5:      lemuel_castle_with_subvaults [lemuel_castle_interior_carwin_3],
          layout_cave_pods, lemuel_crystal_altar, elyvilon_altar_1
D:6:      layout_gridville, grunt_ministairs_1
D:7:      layout_rooms, nicolae_vehumet_radiance, minmay_temple_entry_statues
D:8:      layout_basic, kennysheep_mini_moat, lemuel_crystal_altar
D:9:      lemuel_ice_statue, layout_stronghold, mainiacjoe_overflow_catwalk,
          minmay_lizard_king
D:10:     layout_basic, gammafunk_temple_overflow_claw, minmay_lair_entry_grove,
          uniq_fannar, uniq_joseph, uniq_grum, uniq_lodul
D:11:     layout_loops_ring
D:12:     layout_rooms, hiddenorc2_lemuel, uniq_sonja
D:13:     layout_loops_cross, david_vaults_2, serial_shops, nicolae_shop_stone,
          nicolae_shop_overgrown_old_shop, portal_ice_cave_entry_imps,
          minmay_checkered_concentric_circles, uniq_frances
D:14:     kennysheep_seaside_town, layout_stronghold
D:15:     grunt_enter_depths_magical_seal, layout_gridville,
          nicolae_wu_jian_wuxing_cycle
Temple:   compressed_dpeg_triangle_lava_temple
Lair:1:   layout_loops_ring, nzn_sisyphean_effort
Lair:2:   layout_loops_ring, lemuel_fruit_fields
Lair:3:   layout_gridlike, grunt_megastairs_2, uniq_amaemon
Lair:4:   layout_cave_pods, elwin_shoals_entry_rocks,
          nicolae_spider_entry_orb_guardian, grunt_megastairs_3,
          serial_bayou_shore_b, lemuel_fruit_tree, uniq_nessos
Lair:5:   layout_hall_layers, slime_dummy
Lair:6:   evilmike_catoblepas_cave, layout_gridlike, special_room
          [special_room_jelly], serial_bayou_lagoon_a
Shoals:1: layout_shoals
Shoals:2: layout_shoals, uniq_kirke
Shoals:3: layout_shoals, nicolae_shoals_circle_sea_wall
Shoals:4: shoals_end_grunt_ice, layout_shoals, serial_shops, shop,
          nicolae_shop_hallway_plus, nicolae_shoals_lost_giant_hut,
          nicolae_shoals_stone_sculpture_thing, uniq_bai_suzhen
Spider:1: layout_spider_delve, nicolae_spider_nooks_and_crannies, uniq_nikola,
          uniq_mlioglotl
Spider:2: layout_spider_delve, nicolae_looking_at_the_future, uniq_asterion
Spider:3: layout_spider_delve
Spider:4: spider_rune_water
Orc:1:    layout_caves, basic_altar, uniq_nergalle, uniq_snorg
Orc:2:    st_orc_pillars, layout_caves, serial_shops, shop, uniq_josephine
Vaults:1: portal_desolation_entry_ruin, hangedman_vaults_variations, v_misc_28,
          hangedman_vaults_slice, hangedman_vaults_river_flow,
          hangedman_vaults_stretched_pinwheel, st_cells,
          vaults_room_grunt_arrival_checkpoint, nicolae_vaults_ninety_degrees,
          vaults_room_hallway, layout_vaults_omnigrid, serial_shops,
          nicolae_square_shop, nicolae_trove_entry_isolated, uniq_donald
Vaults:2: ontoclasm_vaults_idyll, hangedman_vaults_unwind, v_rooms_1,
          ontoclasm_vaults_echo, nicolae_vaults_little_squares_4,
          nicolae_vaults_alarming, nicolae_vaults_diagonal_hallway_9,
          hangedman_vaults_nails, nicolae_vaults_little_squares_1,
          hangedman_vaults_stagger, v_misc_9, nicolae_vaults_little_squares_5,
          layout_vaults_omnicross, serial_hangedman_research,
          hangedman_research_toxicology, uniq_mara
Vaults:3: v_alt_pattern_6, nicolae_vaults_inception_statues,
          dpeg_vaults_monster_box, vaults_room_fancy_cross, v_misc_26, v_misc_5,
          vaults_room_door_ring, minmay_crypt_entry_necro_gods,
          hangedman_vaults_locks, ontoclasm_vaults_spin,
          ontoclasm_vaults_hangar, layout_vaults_big_room, uniq_margery
Vaults:4: vaults_standard_mumra_x, vaults_room_door_hall, v_misc_11,
          hangedman_vaults_stretched_pinwheel,
          dpeg_vaults_pockets_of_resistance, hangedman_vaults_pinch,
          nicolae_vaults_windows_and_doors_thing, vaults_room_pool,
          vaults_standard_mumra_enter_the_diamond, vaults_dpeg_ring,
          nicolae_vaults_little_squares_4, vaults_room_grid,
          ontoclasm_vaults_decontamination, layout_vaults_ring, uniq_mennas
Vaults:5
Depths:1: minmay_the_grid_triangle_9x9_line_8_mashed
          [minmay_the_grid_triangle_9x9_steps,
          minmay_the_grid_triangle_9x9_corrupted_corridor,
          minmay_the_grid_triangle_9x9_corruption,
          minmay_the_grid_triangle_9x9_fully_insulated_deathbox,
          minmay_the_grid_triangle_9x9_semitri,
          minmay_the_grid_triangle_9x9_limited_checkers,
          minmay_the_grid_triangle_9x9_alien,
          minmay_the_grid_triangle_9x9_prize_schism], layout_cross, pan_entry,
          nicolae_hell_entry_hellmouth_sunbeams, abyss_entry_glasseish,
          nicolae_concentric_dashed_squares_wild, laboratory
Depths:2: spriggan_forest, pan_entry, serial_shops, hell_entry
Depths:3: dreamdust_experimentation, layout_cave_shapes, rand_demon_pan_entry_3,
          hell_entry, minmay_door_square, abyss_entry, hellmonk_ghost_big_iron,
          nicolae_benzene_ring, uniq_vv
Depths:4: grunt_zot_entry_tricorne, layout_cave_pools, hell_entry,
          ebering_ghost_disaster_area, rand_demon_pan_entry_1, minmay_shop_grove
Zot:1:    minmay_elemental_castle, layout_onion, hangedman_zot_decor_scrapings,
          guppyfry_library_mini, uniq_tiamat

Skill      XL: |  1  2  3  4  5  6  7  8  9 10 11 12 13 14 15 16 17 18 19 20 21 22 23 24 25 |
---------------+----------------------------------------------------------------------------+-----
Dodging        | 3 4 8 11 13 14 15 18 19 21 22 | 22.2
Polearms       | 2 4 7 10 13 14 | 14.0
Stealth        | 3 7 8 12 | 12.0
Ice Magic      | 5 6 7 8 9 10 11 17 20 21 | 21.0
Spellcasting   | 3 5 6 7 |  7.3
Evocations     | 5 6 10 11 14 | 14.0
Shields        | 8 12 14 15 16 17 18 | 18.1
Air Magic      | 3 4 5 6 |  6.2
Conjurations   | 3 4 5 6 |  6.3
Fighting       | 3 7 11 | 11.4
Summonings     | 3 |  3.5
Translocations | 4 |  4.2
Hexes          | 5 8 |  8.6
Armour         | 3 4 5 6 |  6.1
Necromancy     | 9 12 | 12.6

Action                   |  1- 3 |  4- 6 |  7- 9 | 10-12 | 13-15 | 16-18 | 19-21 | 22-24 | 25-27 || total
-------------------------+-------+-------+-------+-------+-------+-------+-------+-------+-------++-------
Melee: Unarmed           |     3 |       |       |       |       |       |       |     1 |       ||     4
       Club              |     6 |       |       |       |       |       |       |       |       ||     6
       Spear             |    21 |   113 |   321 |       |       |       |       |       |       ||   455
       Tailslap          |       |     5 |    12 |     1 |     1 |    28 |     6 |    73 |     4 ||   130
       Trident           |       |       |   247 |   635 |   471 |       |       |       |       ||  1353
       Punch             |       |       |     4 |    12 |       |       |       |       |       ||    16
       Demon trident     |       |       |       |       |   810 |  1073 |  1251 |  1194 |   541 ||  4869
 Cast: Freeze            |    43 |    23 |    28 |     8 |       |     1 |       |       |       ||   103
       Frozen Ramparts   |     1 |     7 |    20 |    58 |    73 |    47 |    35 |     9 |    12 ||   262
       Ozocubu's Armour  |       |     2 |    15 |    38 |    51 |    49 |    54 |    26 |    18 ||   253
       Animate Skeleton  |       |     1 |       |       |       |       |       |       |       ||     1
       Summon Ice Beast  |       |       |       |       |     4 |       |     5 |     1 |     1 ||    11
       Freezing Cloud    |       |       |       |       |    23 |    81 |    83 |    34 |    14 ||   235
       Gell's Gravitas   |       |       |       |       |       |     3 |     3 |       |     2 ||     8
       Lesser Beckoning  |       |       |       |       |       |     1 |     1 |       |       ||     2
       Simulacrum        |       |       |       |       |       |       |     7 |    32 |    14 ||    53
       Silence           |       |       |       |       |       |       |     1 |     1 |       ||     2
Invok: Curse Item        |       |       |       |     5 |     4 |     2 |     1 |     1 |     1 ||    14
       Shatter the Chain |       |       |       |       |     2 |       |     2 |     2 |     1 ||     7
 Abil: Evoke Blink       |       |       |       |       |     2 |     3 |     5 |     2 |       ||    12
Evoke: Wand              |       |       |       |     1 |     5 |     2 |     1 |       |       ||     9
       Tin of tremorston |       |       |       |     1 |     3 |     1 |     5 |     4 |       ||    14
       Phantom mirror    |       |       |       |     1 |     1 |     4 |     1 |     3 |       ||    10
       Box of beasts     |       |       |       |       |       |     1 |       |       |       ||     1
       Lightning rod     |       |       |       |       |       |       |     6 |     6 |       ||    12
       Phial of floods   |       |       |       |       |       |       |     1 |     2 |     1 ||     4
       Condenser vane    |       |       |       |       |       |       |       |     1 |       ||     1
  Use: Scroll            |       |     6 |       |    15 |     9 |     5 |    10 |    10 |     4 ||    59
       Potion            |       |       |     2 |     2 |     5 |     9 |     1 |    12 |     8 ||    39
 Stab: Sleeping          |     4 |     8 |    11 |     8 |    39 |    21 |    25 |    36 |     4 ||   156
       Distracted        |       |       |     1 |     2 |     6 |     8 |     8 |    11 |     4 ||    40
       Paralysed         |       |       |       |       |    11 |     4 |     2 |     1 |       ||    18
       Confused          |       |       |       |       |     8 |    15 |    15 |    15 |       ||    53
       Petrifying        |       |       |       |       |       |     2 |       |       |       ||     2
       Fleeing           |       |       |       |       |       |       |       |     1 |       ||     1
Armor: Robe              |     5 |    17 |    90 |    70 |    49 |    67 |    31 |       |       ||   329
       Troll leather arm |       |       |       |       |       |       |    17 |    67 |    31 ||   115
Dodge: Dodged            |    40 |   105 |   362 |   460 |   516 |   773 |   517 |   598 |   290 ||  3661
Block: Kite shield       |       |       |       |    46 |   590 |   869 |   843 |   924 |   445 ||  3717
       Reflection        |       |       |       |       |       |       |    50 |    15 |     7 ||    72

Table legend: (Time is in decaauts)
 A = Elapsed time spent in this place.
 B = Non-inter-level travel time spent in this place.
 C = Inter-level travel time spent in this place.
 D = Time resting spent in this place.
 E = Time spent auto-exploring this place.
 F = Levels seen in this place.
 G = Mean time per level.
                   A        B        C        D        E       F      G
               +--------+--------+--------+--------+--------+-----+--------+
         Total |  49936 |  45529 |   4407 |   5515 |  22889 |  45 | 1109.7 |
       Dungeon |  17125 |  15260 |   1865 |   1454 |   9379 |  15 | 1141.7 |
        Temple |    185 |    182 |      3 |      0 |    175 |   1 |  185.0 |
          Lair |   7537 |   6283 |   1254 |    237 |   4234 |   6 | 1256.2 |
        Shoals |   1367 |   1297 |     70 |     19 |    116 |   4 |  341.8 |
   Spider Nest |   5291 |   4969 |    322 |   1003 |   2432 |   4 | 1322.8 |
  Orcish Mines |   1684 |   1584 |    100 |    111 |    875 |   2 |  842.0 |
        Vaults |   9027 |   8472 |    555 |   1082 |   3874 |   5 | 1805.4 |
        Depths |   5188 |   4953 |    235 |    829 |   1699 |   4 | 1297.0 |
           Zot |    504 |    504 |      0 |    149 |      0 |   1 |  504.0 |
         Sewer |    418 |    418 |      0 |    285 |      0 |   1 |  418.0 |
      Ice Cave |    596 |    596 |      0 |    200 |     31 |   1 |  596.0 |
    Desolation |   1009 |   1009 |      0 |    144 |     72 |   1 | 1009.0 |
               +--------+--------+--------+--------+--------+-----+--------+

Top non-repeatable levels by time:
Vaults:1: 2178 daAuts
     D:9: 1992 daAuts
Depths:2: 1850 daAuts
Depths:1: 1846 daAuts
Vaults:4: 1788 daAuts
Vaults:3: 1767 daAuts
Vaults:2: 1765 daAuts
     D:5: 1716 daAuts
  Lair:4: 1561 daAuts
    D:10: 1559 daAuts
Vaults:5: 1528 daAuts
Spider:3: 1513 daAuts
  Lair:1: 1505 daAuts
    D:15: 1494 daAuts
    D:14: 1487 daAuts
